 Dungeon Crawl Stone Soup version 0.31.0-9-g3a7656b989 (webtiles) character file.

Game seed: 9676380741186999944

1811 qw the Skirmisher (level 8, -3/46 HPs)
             Began as a Deep Elf Hunter on Feb 2, 2024.
             Was a Believer of Okawaru.
             Killed from afar by a gargoyle (23 damage)
             ... with a stone arrow
             ... on level 6 of the Dungeon.
             The game lasted 00:00:28 (4652 turns).

qw the Skirmisher (Deep Elf Hunter)                 Turns: 4652, Time: 00:00:28

Health: -3/46      AC:  8    Str: 10    XL:     8   Next: 84%
Magic:  11/13      EV: 20    Int: 15    God:    Okawaru [**....]
Gold:   378        SH:  0    Dex: 24    Spells: 7/7 levels left

rFire   . . .        a - +1 shortbow
rCold   . . .        (shield currently unavailable)
rNeg    . . .        l - +0 troll leather armour {Pargi}
rPois   .            c - +0 helmet
rElec   .            (no cloak)
rCorr   .            j - +2 pair of gloves
SInv    .            (no boots)
Will    .....        (no amulet)
Stlth   ++++         i - +6 ring of dexterity
HPRegen 1.07/turn    f - +4 ring of slaying {mikee}
MPRegen 0.13/turn

%: no passive effects
@: heroic
A: no striking features
a: Renounce Religion, Heroism


You were on level 6 of the Dungeon.
You worshipped Okawaru.
Okawaru was pleased with you.
You visited 2 branches of the dungeon, and saw 8 of its levels.

You collected 426 gold pieces.
You spent 48 gold pieces at shops.


   Skills:
 - Level 3.0(8.0) Fighting
 + Level 12.7(17.7) Ranged Weapons
 - Level 1.1(6.1) Armour
 - Level 6.0(11.0) Dodging
 - Level 1.2(6.2) Stealth
 - Level 4.0 Invocations


You had 7 spell levels left.
You didn't know any spells.
Your spell library was empty.

Inventory:

Hand Weapons
 a - a +1 shortbow (weapon)
Armour
 c - a +0 helmet (worn)
 j - a +2 pair of gloves (worn)
 l - a +0 troll leather armour (worn) {Pargi}
Jewellery
 f - a +4 ring of slaying (right hand) {mikee}
 i - a +6 ring of dexterity (left hand)
Scrolls
 b - a scroll of identify
 k - 2 scrolls of teleportation
Potions
 d - 4 potions of curing
 e - a potion of heal wounds
 g - a potion of might {unknown}
 h - a potion of mutation

Dungeon Overview and Level Annotations

Branches:
Dungeon (7/15)             Temple (1/1) D:4

Altars:
Ashenzari
Cheibriados
Dithmenos
Elyvilon
Fedhas
Gozag
Hepliaklqana
Kikubaaqudgha
Makhleb
Nemelex Xobeh
Okawaru
Qazlal
Ru
Sif Muna
Trog
Uskayaw
Vehumet
Wu Jian
Xom
Yredelemnul
Zin
The Shining One

Shops:
D:1 *   D:4 *

Annotations:
D:3 1 runed translucent door, Crazy Yiuf
D:4 2 transporters, qw's ghost, amateur GrHu


Message History

You shoot an arrow. The arrow hits Eustachio!
Eustachio is almost dead.
You shoot an arrow. The arrow hits Eustachio!
You kill Eustachio!
Okawaru accepts your kill.
g - a yellow potion
There is a stone staircase leading down here.
You open the door.
An iguana and a shadow imp come into view.
The iguana hisses angrily.
The shadow imp shouts, "Turn tail, thou foisting pigeon-egg barnacle!"
You shoot an arrow. The arrow hits the iguana!
The iguana is almost dead.
You shoot an arrow. The arrow hits the iguana.
You kill the iguana!
Okawaru accepts your kill.
You shoot an arrow. The arrow hits the shadow imp.
The shadow imp is heavily wounded.
You shoot an arrow. The arrow hits the shadow imp!
You kill the shadow imp!
Okawaru accepts your kill.
There is an open door here.
You see here an iguana corpse.
There is an open door here.
Things that are here:
a +0 leather armour; a +0 short sword You now have 378 gold pieces (gained 11).
A gargoyle comes into view. It is wielding a +0 dire flail.
The gargoyle hurls a stone arrow at you.
The stone arrow hits you!!
4651 ||| INVOKING Heroism.
You gain the combat prowess of a mighty hero.
The gargoyle hurls a stone arrow at you.
The stone arrow hits you!
You shoot an arrow.
The arrow hits the gargoyle but does no damage.
The gargoyle hurls a stone arrow at you.
The stone arrow hits you!!
Ouch! That really hurt!
You die...

# ### #9##.#
#...# #@#
#.## #######
#..## #......
##..# #...)..
##.####
#......
#....#
#......
####.#
##....... #.#
#.......)
#.###.#......


You could see a gargoyle.

Vanquished Creatures
  Eustachio (D:6)
  An ice beast (D:5)
  Pargi (D:3)
  An ogre (D:6)
  A black bear (D:5)
  2 sky beasts
  A scorpion (D:6)
  3 wights (D:7)
  A howler monkey (D:5)
  A hound (D:4)
  A jelly (D:5)
  2 bombardier beetles
  3 orc priests
  3 sleepcaps (D:5)
  Jessica (D:3)
  10 iguanas
  2 orc wizards (D:6)
  2 hound skeletons (D:3)
  Robin (D:4)
  6 adders
  2 shadow imps
  2 white imps
  2 ufetubi (D:4)
  An adder skeleton (D:3)
  2 dart slugs (D:2)
  A ribbon worm (D:6)
  14 orcs
  4 ball pythons
  7 endoplasms
  6 giant cockroaches
  14 goblins
  15 hobgoblins
  2 jackals (D:1)
  2 quokkas (D:2)
  7 bats
  5 frilled lizards
  5 kobolds
  A quokka skeleton (D:3)
  7 rats
143 creatures vanquished.

Notes
Turn   | Place    | Note
-------+----------+-------------------------------------------
     0 | D:1      | qw the Deep Elf Hunter began the quest for the Orb.
     0 | D:1      | Reached XP level 1. HP: 12/12 MP: 3/3
     0 | D:1      | 0 ||| qw: Version: 0.3-a-155-g5e7d8dd
     0 | D:1      | 0 ||| qw: Game counter: 2347
     0 | D:1      | 0 ||| qw: Melee chars always use a shield: true
     0 | D:1      | 0 ||| qw: God list: Okawaru
     0 | D:1      | 0 ||| qw: Allow faded altars: false
     0 | D:1      | 0 ||| qw: Do Orc after clearing Dungeon:15 true
     0 | D:1      | 0 ||| qw: Do second Lair branch before Depths: true
     0 | D:1      | 0 ||| qw: Lair rune preference: random
     0 | D:1      | 0 ||| qw: Goals: Normal
     0 | D:1      | 0 ||| PLANNING D:1-11
    85 | D:1      | Reached XP level 2. HP: 16/16 MP: 4/4
   125 | D:1      | Reached skill level 6 in Ranged Weapons
   404 | D:1      | Found Licuuf Nole's General Store.
   407 | D:1      | 407 ||| BUYING 2 scrolls of identify (48 gold).
   407 | D:1      | Bought 2 scrolls of identify for 48 gold pieces
   408 | D:1      | 408 ||| DROPPING scarf of shadows.
   409 | D:1      | 409 ||| UPGRADING to +0 pair of gloves.
   414 | D:1      | 414 ||| READING 4 scrolls of identify.
   414 | D:1      | 414 ||| IDENTIFYING murky purple potion
   415 | D:1      | 415 ||| READING 3 scrolls of identify.
   415 | D:1      | 415 ||| IDENTIFYING glowing emerald potion
   416 | D:1      | 416 ||| READING 2 scrolls of identify.
   416 | D:1      | 416 ||| IDENTIFYING scroll labelled AMINUE IDURR
   417 | D:1      | 417 ||| READING scroll of identify.
   417 | D:1      | 417 ||| IDENTIFYING scroll labelled FATUEGY WUL
   418 | D:1      | 418 ||| READING scroll of enchant armour.
   418 | D:1      | 418 ||| ENCHANTING +0 pair of gloves.
   419 | D:1      | 419 ||| READING 2 scrolls labelled APPIMO WOUH.
   420 | D:1      | 420 ||| DROPPING scroll of butterflies.
   421 | D:1      | 421 ||| DROPPING scroll of poison.
   422 | D:1      | 422 ||| DROPPING scroll of blinking.
   436 | D:2      | 436 ||| STAIRDANCE
   460 | D:2      | 460 ||| STAIRDANCE
   465 | D:1      | Reached XP level 3. HP: 17/20 MP: 5/5
   570 | D:2      | Reached skill level 7 in Ranged Weapons
   673 | D:2      | Reached XP level 4. HP: 18/25 MP: 6/6
  1159 | D:2      | 1159 ||| UPGRADING to +4 ring of slaying {mikee}.
  1160 | D:2      | 1160 ||| READING scroll of identify.
  1160 | D:2      | 1160 ||| IDENTIFYING smoky ruby potion
  1161 | D:2      | 1161 ||| READING scroll labelled VOYDOWE VOCRE.
  1262 | D:2      | 1262 ||| DROPPING potion of berserk rage.
  1290 | D:3      | 1290 ||| STAIRDANCE
  1298 | D:2      | Reached skill level 8 in Ranged Weapons
  1446 | D:3      | Found a white marble altar of Elyvilon.
  1515 | D:3      | Noticed Pargi
  1528 | D:3      | Killed Pargi
  1529 | D:3      | Reached skill level 9 in Ranged Weapons
  1529 | D:3      | Reached XP level 5. HP: 24/29 MP: 7/7
  1538 | D:3      | 1538 ||| FLEEEEING.
  1637 | D:3      | Noticed Jessica
  1638 | D:3      | Killed Jessica
  1639 | D:3      | Reached skill level 3 in Dodging
  1725 | D:3      | Reached XP level 6. HP: 35/35 MP: 8/8
  1788 | D:3      | Found a runed translucent door.
  1789 | D:3      | Noticed Crazy Yiuf
  1834 | D:3      | 1834 ||| UPGRADING to +0 ring mail.
  1844 | D:3      | 1844 ||| DROPPING +0 leather armour.
  1845 | D:3      | 1845 ||| UPGRADING to +0 troll leather armour {Pargi}.
  1855 | D:3      | 1855 ||| DROPPING +0 ring mail.
  1856 | D:3      | 1856 ||| READING scroll labelled SAAFUL RAREKU.
  1857 | D:3      | 1857 ||| READING scroll labelled DIROUS GIZAMAE.
  2229 | D:4      | Found a transporter.
  2229 | D:4      | Noticed qw's ghost (amateur GrHu)
  2232 | D:4      | Found a transporter.
  2268 | D:4      | Found Zin's Purification Station.
  2275 | D:4      | Found a glowing silver altar of Zin.
  2278 | D:4      | 2278 ||| SHOPLISTING 2 potions of curing (180 gold, have
                  | 172).
  2285 | D:4      | Noticed Robin
  2294 | D:4      | Killed Robin
  2308 | D:4      | 2308 ||| FLEEEEING.
  2309 | D:4      | 2309 ||| FLEEEEING.
  2310 | D:4      | 2310 ||| FLEEEEING.
  2311 | D:4      | 2311 ||| FLEEEEING.
  2312 | D:4      | 2312 ||| FLEEEEING.
  2313 | D:4      | 2313 ||| FLEEEEING.
  2314 | D:4      | 2314 ||| FLEEEEING.
  2315 | D:4      | 2315 ||| FLEEEEING.
  2316 | D:4      | 2316 ||| FLEEEEING.
  2317 | D:4      | 2317 ||| FLEEEEING.
  2318 | D:4      | 2318 ||| FLEEEEING.
  2319 | D:4      | 2319 ||| FLEEEEING.
  2320 | D:4      | 2320 ||| FLEEEEING.
  2321 | D:4      | 2321 ||| FLEEEEING.
  2327 | D:4      | 2327 ||| FLEEEEING.
  2328 | D:4      | 2328 ||| FLEEEEING.
  2348 | D:4      | Found a staircase to the Ecumenical Temple.
  2349 | D:4      | 2349 ||| PLANNING TEMPLE
  2349 | D:4      | 2349 ||| UPGRADING to ring of resist corrosion.
  2350 | D:4      | 2350 ||| READING scroll of identify.
  2350 | D:4      | 2350 ||| IDENTIFYING smoky yellow potion
  2351 | D:4      | 2351 ||| READING scroll labelled MAOBRAN GIHO.
  2351 | D:4      | 2351 ||| ENCHANTING +0 shortbow.
  2352 | D:4      | 2352 ||| DROPPING potion of ambrosia.
  2359 | Temple   | Entered the Ecumenical Temple
  2360 | Temple   | 2360 ||| PLANNING OKAWARU WORSHIP
  2369 | Temple   | Became a worshipper of Warmaster Okawaru
  2370 | Temple   | 2370 ||| PLANNING D:1-11
  2563 | D:4      | Reached skill level 10 in Ranged Weapons
  2580 | D:4      | Noticed a sky beast
  2586 | D:4      | Killed a sky beast
  2862 | D:4      | 2862 ||| UPGRADING to +0 helmet.
  2867 | D:4      | 2867 ||| READING scroll of identify.
  2867 | D:4      | 2867 ||| IDENTIFYING bubbling inky potion
  2868 | D:4      | 2868 ||| READING scroll labelled PUAM QYKUJYDD.
  2871 | D:4      | 2871 ||| DROPPING potion of degeneration.
  3254 | D:3      | Reached XP level 7. HP: 40/40 MP: 9/9
  3289 | D:3      | 3289 ||| UPGRADING to +6 ring of dexterity.
  3291 | D:3      | 3291 ||| UPGRADING to +4 ring of slaying {mikee}.
  3293 | D:3      | 3293 ||| DROPPING ring of resist corrosion.
  3294 | D:3      | 3294 ||| READING scroll of identify.
  3294 | D:3      | 3294 ||| IDENTIFYING scroll labelled GOERCH WAAJ
  3295 | D:3      | 3295 ||| DROPPING scroll of amnesia.
  3404 | D:5      | Entered Level 5 of the Dungeon
  3409 | D:5      | 3409 ||| STAIRDANCE
  3414 | D:5      | 3414 ||| STAIRDANCE
  3432 | D:5      | Reached * piety under Okawaru
  3452 | D:5      | 3452 ||| RETREEEEATING.
  3453 | D:5      | 3453 ||| INVOKING Heroism.
  3459 | D:5      | Reached skill level 11 in Ranged Weapons
  3461 | D:5      | Reached skill level 1 in Invocations
  3698 | D:5      | Reached skill level 3 in Invocations
  3698 | D:5      | Reached XP level 8. HP: 44/44 MP: 12/12
  3698 | D:5      | You fall into a shaft and drop 2 floors!
  3786 | D:7      | 3786 ||| READING scroll of enchant armour.
  3786 | D:7      | 3786 ||| ENCHANTING +1 pair of gloves.
  3806 | D:7      | 3806 ||| READING scroll of identify.
  3806 | D:7      | 3806 ||| IDENTIFYING 2 viscous black potions
  3807 | D:7      | 3807 ||| DROPPING 2 potions of brilliance.
  3825 | D:6      | Reached ** piety under Okawaru
  3826 | D:6      | Reached skill level 12 in Ranged Weapons
  3920 | D:6      | Found an ornate altar of the Wu Jian Council.
  3989 | D:6      | Reached skill level 3 in Fighting
  4250 | D:5      | 4250 ||| READING scroll of identify.
  4250 | D:5      | 4250 ||| IDENTIFYING 2 fizzy coppery potions
  4317 | D:6      | Found a snail-covered altar of Cheibriados.
  4337 | D:6      | Reached skill level 6 in Dodging
  4341 | D:6      | HP: 9/46 [orc priest/divine providence (11)]
  4342 | D:6      | 4342 ||| READING 3 scrolls of teleportation.
  4342 | D:6      | HP: 4/46 [something (2)]
  4343 | D:6      | 4343 ||| DRINKING 2 potions of heal wounds.
  4387 | D:6      | Reached skill level 1 in Armour
  4478 | D:6      | Noticed Eustachio
  4487 | D:6      | Killed Eustachio
  4650 | D:6      | Noticed a gargoyle
  4651 | D:6      | 4651 ||| INVOKING Heroism.
  4652 | D:6      | Killed from afar by a gargoyle

Levels and vault maps discovered:
D:1:      lightli_arrival_lavapool, layout_rooms, serial_shops,
          nicolae_shop_behind_doors
D:2:      layout_loops_ring, minmay_pentomino_u2
D:3:      layout_basic, elyvilon_altar_3, serial_undead, serial_undead_a,
          serial_undead_c, serial_undead_c, serial_undead_f, uniq_jessica,
          uniq_pargi, uniq_crazy_yiuf_cottage
D:4:      layout_cave_pods, zin_purify, minmay_temple_entry_wispy,
          gammafunk_ghost_mausoleum, uniq_robin
D:5:      layout_rooms, st_stairs_9, minmay_bent
D:6:      minmay_cornered_nines, layout_rooms, slow_altar_1,
          nzn_wu_jian_council_hall, kennysheep_generic_room_11, uniq_eustachio
D:7:      layout_loops_ring, enter_bailey_5, nicolae_letterblocks
          [nicolae_letter_subblock, nicolae_letter_subblock,
          nicolae_letter_subblock, nicolae_letter_subblock,
          nicolae_letter_subblock, nicolae_letter_subblock,
          nicolae_letter_subblock, nicolae_letter_subblock,
          nicolae_letter_subblock, nicolae_letter_subblock,
          nicolae_letter_subblock, nicolae_letter_subblock,
          nicolae_letter_subblock, nicolae_letter_subblock,
          nicolae_letter_subblock, nicolae_letter_subblock,
          nicolae_letter_subblock, nicolae_letter_subblock,
          nicolae_letter_subblock, nicolae_letter_subblock,
          nicolae_letter_subblock, nicolae_letter_subblock,
          nicolae_letter_subblock, nicolae_letter_subblock,
          nicolae_letter_subblock]
Temple:   mainiacjoe_temple_coin_purse

Skill      XL: |  1  2  3  4  5  6  7  8 |
---------------+-------------------------+-----
Ranged Weapons | 6 7 9 10 11 12 | 12.7
Dodging        | 3 4 5 6 |  6.0
Fighting       | 2 3 |  3.0
Invocations    | 3 4 |  4.0
Armour         | 1 |  1.1
Stealth        | |  1.2

Action                     |  1- 3 |  4- 6 |  7- 9 || total
---------------------------+-------+-------+-------++-------
   Fire: Shortbow          |    88 |   165 |   173 ||   426
 Invoke: Heroism           |       |       |     2 ||     2
    Use: Scroll            |     6 |     8 |     5 ||    19
         Potion            |       |       |     1 ||     1
 Armour: Leather armour    |    24 |    11 |       ||    35
         Troll leather arm |       |    30 |    32 ||    62
  Dodge: Dodged            |    11 |    49 |    40 ||   100

Table legend:
 A = Non-vault XP
 B = Vault XP
 C = Vault XP percentage of total XP
 D = Non-vault monster count
 E = Vault monster count
 F = Vault count percentage of total count
                 A         B        C        D         E       F
            +---------+---------+-------+---------+---------+-------
      Total |    1680 |     908 |  35.1 |     110 |      33 |  23.1
            +---------+---------+-------+---------+---------+-------
        D:1 |      51 |       0 |   0.0 |      25 |       0 |   0.0
        D:2 |      82 |      14 |  14.6 |      20 |       2 |   9.1
        D:3 |      73 |     211 |  74.3 |      13 |       6 |  31.6
        D:4 |     284 |      51 |  15.2 |      20 |      14 |  41.2
        D:5 |     474 |     370 |  43.8 |      19 |       7 |  26.9
        D:6 |     488 |     262 |  34.9 |       9 |       4 |  30.8
        D:7 |     228 |       0 |   0.0 |       4 |       0 |   0.0
            +---------+---------+-------+---------+---------+-------
